 Dungeon Crawl Stone Soup version 0.29-a0-664-gff9cad4a3d (webtiles) character file.

Game seed: 16086183260539483390

2184 Newt the Cutter (level 9, -6/68 HPs)
             Began as a Demonspawn Abyssal Knight on June 22, 2022.
             Was an Elder of Lugonu.
             Engulfed by a cloud of poison gas (13 damage)
             ... on level 7 of the Dungeon.
             The game lasted 00:27:39 (6567 turns).

Newt the Cutter (Demonspawn Abyssal Knight)         Turns: 6567, Time: 00:27:40

Health: -6/68      AC:  7    Str: 17    XL:     9   Next: 11%
Magic:  10/12      EV: 14    Int: 11    God:    Lugonu [****..]
Gold:   330        SH:  5    Dex: 15    Spells: 8/8 levels left

rFire   . . .      SeeInvis .   F - +0 short sword (freeze)
rCold   . . .      Faith    .   u - orb {*Rage}
rNeg    . . .      Spirit   .   f - +1 ring mail
rPois   .          Reflect  +   (no helmet)
rElec   .          Harm     .   (no cloak)
rCorr   .          Rampage  .   (no gloves)
Will    .....      Rage     20% (no boots)
Stlth   ++........              o - amulet of reflection
HPRegen 0.21/turn               E - ring of flight
MPRegen 0.26/turn               (no ring)

@: lethally poisoned (-6 -> -29), on berserk cooldown, flying, slowed, very slow
A: hooves 2, repulsion field 2, magic regeneration
a: Renounce Religion, Depart the Abyss, Bend Space, Banish, Corrupt


You were on level 7 of the Dungeon.
You worshipped Lugonu.
Lugonu was greatly pleased with you.
You visited 1 branch of the dungeon, and saw 7 of its levels.
You visited the Abyss 1 time.

You collected 330 gold pieces.

Inventory:

Hand Weapons
 a - a +1 spear
 l - a +2 dagger of protection
 y - a +0 short sword of protection
 F - a +0 short sword of freezing (weapon)
Missiles
 G - a throwing net
Armour
 b - a +0 leather armour
 f - a +1 ring mail (worn)
 u - an orb of wrath (worn)
 A - a +2 pair of boots
Jewellery
 o - an amulet of reflection (around neck)
 E - a ring of flight (left hand)
Wands
 n - a wand of flame (36)
 z - a wand of digging (3)
Scrolls
 c - 3 scrolls of enchant armour
 d - a scroll of fear {unknown}
 e - 2 scrolls of immolation
 i - a scroll of brand weapon
 k - 4 scrolls of identify
 p - 2 scrolls of enchant weapon {unknown}
 q - a scroll of poison
 r - a scroll of vulnerability {unknown}
 t - a scroll of noise {unknown}
 v - a scroll of blinking {unknown}
 w - a scroll of teleportation {unknown}
 B - a scroll of amnesia {unknown}
 D - 2 scrolls of fog {unknown}
Potions
 g - 2 potions of berserk rage
 h - a potion of curing
 j - 3 potions of might
 m - a potion of ambrosia {unknown}
 s - 2 potions of haste
 x - a potion of attraction {unknown}
 C - a potion of mutation {unknown}


   Skills:
 + Level 5.4 Fighting
 * Level 6.4 Short Blades
 - Level 2.1 Polearms
 + Level 4.9 Armour
 - Level 1.5 Dodging
 * Level 3.9 Stealth
 + Level 2.6 Shields
 * Level 5.2 Invocations
 + Level 1.0 Evocations


You had 8 spell levels left.
You didn't know any spells.
Your spell library contained the following spells:

 Spells                   Type           Power      Damage    Failure   Level
 Beastly Appendage        Tmut           0%         N/A       52%         1
 Wereblood                Tmut           0%         N/A       67%         2
 Call Canine Familiar     Summ           0%         N/A       88%         3
 Portal Projectile        Hex/Tloc       0%         N/A       88%         3
 Spider Form              Tmut/Pois      0%         N/A       88%         3
 Leda's Liquefaction      Hex/Erth       0%         N/A       99%         4


Dungeon Overview and Level Annotations

Branches:
Dungeon (7/15)
 Temple: D:4-7

Altars:
Okawaru
Wu Jian

Shops:
D:4 :*((

Annotations:
D:7 1 transporter, Cancer's ghost, novice GrEE
Abyss:1 Menkaure


Innate Abilities, Weirdness & Mutations

You have hoof-like feet.
You are surrounded by a moderate repulsion field. (EV +3)
You regenerate magic rapidly.


Message History

The howler monkey hoots and howls with incredible vigour!
The hornet completely misses you.
You hear a horrible gurgling sound!
You hear a bark!
You hear a shout!
You feel better. The hornet stings you!
You suddenly lose the ability to move!
The hornet stings you.
* * * LOW HITPOINT WARNING * * *
You are poisoned.
You feel as though you will be slow longer.
You can move again.
Okay, then.
Space bends violently around you!
You blink.
Found 5 stones.
You feel very sick. The ogre barely misses you.
Space bends violently around you!
You blink.
You feel very sick.
The howler monkey hoots and howls with incredible vigour! x2
You feel better. The water moccasin barely misses you.
The water moccasin closely misses you. The water moccasin barely misses you.
You block the hound's attack.
Okay, then.
Okay, then.
Okay, then.
Okay, then.
The air fills with toxic fumes!
As you read the scroll labelled URRARCHAFEJ, it crumbles to dust.
It was a scroll of poison.
You block the hornet's attack. The hound bites you.
* * * LOW HITPOINT WARNING * * *
The water moccasin bites you.
* * * LOW HITPOINT WARNING * * *
The hornet stings you.
* * * LOW HITPOINT WARNING * * *
You are lethally poisoned!
You feel as though you will be slow longer.
You block the ogre's attack. You block the hound's attack.
The water moccasin closely misses you.
The howler monkey is engulfed in poison gas.
The howler monkey is poisoned.
Space bends violently around you!
You blink.
You are engulfed in poison gas.
You are more poisoned.
You die...

#h.. .h....#§§.# ..©#h... .....
#.... #§####....#u...$.
.#...##...####§§§h##...#W..#.#.
..........#.##hOyS§§#..#8.#...#.8
.............#§§h§§§§§§##5......#
............§§§§.§§§§§§§#########
...........§§§§§§§§§§§§§.........
.........§§§§§§§§§§§§#§§.........
.........§§§§§§#@§§§§§.§.........
.........§§§§§##§§§§#§§..........
.........##....#.####.......#..#
.......#..........#...###.<.#
......#...##...##....###....#
..#....## ##.###....# #...##
......# #.. ##..## ##### .. .# .
.. ...# . ..#


You could see a hornet, a water moccasin, an ogre, 2 howler monkeys and a hound.

Vanquished Creatures
  The ghost of IdlyInterested the Cutter, a novice DsBr (D:6)
  A steam dragon (D:6)
  A water moccasin (D:6)
  3 black bears
  An ogre (D:6)
  2 phantoms
  A kobold brigand (D:4)
  3 bullfrogs
  A scorpion (D:5)
  A howler monkey (D:7)
  A spectral centaur (D:6)
  3 jellies
  3 hounds (D:5)
  2 orc priests (D:5)
  6 iguanas
  2 orc wizards (D:5)
  A howler monkey zombie (D:6)
  8 gnolls
  2 adders
  2 ufetubi (D:5)
  6 worms
  3 dart slugs
  11 orcs
  5 bats
  5 endoplasms
  2 giant cockroaches
  5 goblins
  3 hobgoblins (D:1)
  3 quokkas
  14 ball pythons
  3 frilled lizards
  6 kobolds
  4 rats
115 creatures vanquished.

Notes
Turn   | Place    | Note
-------+----------+-------------------------------------------
     0 | Abyss:1  | Newt the Demonspawn Abyssal Knight began the quest for the
                  | Orb.
     0 | Abyss:1  | Reached XP level 1. HP: 18/18 MP: 2/2
    39 | D:1      | Escaped the Abyss
   155 | D:1      | Gained mutation: You are surrounded by a mild repulsion
                  | field. (EV +2) [demonic ancestry]
   155 | D:1      | Reached XP level 2. HP: 7/24 MP: 3/3
   366 | D:1      | Found a faded altar of an unknown god.
   517 | D:1      | Reached skill level 1 in Dodging
   884 | D:1      | Reached *** piety under Lugonu
   918 | D:1      | Gained mutation: You are surrounded by a moderate repulsion
                  | field. (EV +3) [demonic ancestry]
   918 | D:1      | Reached XP level 3. HP: 28/30 MP: 4/4
  2738 | D:4      | Found Tevumuz's Antique Weapon Boutique.
  2738 | D:4      | Noticed Menkaure
  2742 | D:4      | Banished Menkaure
  2743 | D:4      | Reached skill level 2 in Short Blades
  2743 | D:4      | Reached XP level 4. HP: 37/37 MP: 1/6
  2743 | D:4      | Reached XP level 5. HP: 42/42 MP: 1/7
  2764 | D:4      | Found Ymip's Weapon Boutique.
  2808 | D:4      | Found Fitaosti's Assorted Antiques.
  2854 | D:4      | Found Jisme's Book Emporium.
  2865 | D:4      | Noticed a black bear
  3196 | D:4      | Killed a black bear
  3197 | D:4      | Gained mutation: You have large cloven feet. [demonic
                  | ancestry]
  3197 | D:4      | Reached XP level 6. HP: 25/48 MP: 8/8
  3204 | D:4      | Reached skill level 3 in Short Blades
  3204 | D:4      | Reached skill level 1 in Stealth
  4060 | D:5      | Entered Level 5 of the Dungeon
  4242 | D:5      | Reached skill level 4 in Short Blades
  4242 | D:5      | Reached skill level 1 in Shields
  4242 | D:5      | Gained mutation: You regenerate magic rapidly. [demonic
                  | ancestry]
  4242 | D:5      | Reached XP level 7. HP: 19/55 MP: 9/9
  4303 | D:5      | Reached **** piety under Lugonu
  5493 | D:6      | Reached XP level 8. HP: 61/61 MP: 9/11
  5509 | D:6      | Reached skill level 5 in Fighting
  5579 | D:6      | Reached skill level 5 in Short Blades
  5602 | D:6      | Found an iron altar of Okawaru.
  5602 | D:6      | Found an ornate altar of the Wu Jian Council.
  5980 | D:6      | Found a runed translucent gate.
  5980 | D:6      | Found a runed translucent gate.
  5980 | D:6      | Found a runed translucent gate.
  5980 | D:6      | Noticed IdlyInterested's ghost (novice DsBr)
  6014 | D:6      | Killed IdlyInterested's ghost
  6015 | D:6      | Reached skill level 6 in Short Blades
  6015 | D:6      | Reached skill level 5 in Invocations
  6133 | D:6      | Reached skill level 1 in Evocations
  6138 | D:6      | Gained mutation: You have hoof-like feet. [demonic
                  | ancestry]
  6138 | D:6      | Reached XP level 9. HP: 38/68 MP: 12/12
  6514 | D:7      | Found a transporter.
  6517 | D:7      | Noticed Cancer's ghost (novice GrEE)
  6561 | D:7      | Paralysed by a hornet for 1 turns
  6562 | D:7      | Noticed a cyan ugly thing
  6567 | D:7      | Engulfed by a cloud of poison gas

Illustrated notes

Levels and vault maps discovered:
D:1:      dpeg_arrival_tiny_i, layout_loops_cross,
          hellmonk_ecumenical_altar_blasted
D:2:      layout_loops_ring
D:3:      layout_basic, st_stairs_7, nicolae_wormholes
D:4:      layout_loops_cross, serial_shops, nicolae_shop_stone,
          nicolae_square_shop, shop, shop, kennysheep_generic_room_10,
          uniq_menkaure
D:5:      layout_basic
D:6:      layout_basic, chequers_temple_overflow_statue_of_worship,
          gammafunk_ghost_necromancy, corexii_hall_statues_l
D:7:      layout_cave_pools, temple_hall, gammafunk_ghost_arena,
          corexii_item_surrounded_by_moat, grunt_decor_cap

Skill      XL: |  1  2  3  4  5  6  7  8 |
---------------+-------------------------+-----
Dodging        | 1 |  1.5
Armour         | 2 3 4 |  4.9
Polearms       | 2 |  2.1
Fighting       | 4 5 |  5.4
Short Blades   | 2 4 6 |  6.4
Invocations    | 3 4 5 |  5.2
Stealth        | 1 3 |  3.9
Shields        | 1 2 |  2.6
Evocations     | 1 |  1.0

Action                   |  1- 3 |  4- 6 |  7- 9 || total
-------------------------+-------+-------+-------++-------
Melee: Spear             |   109 |       |       ||   109
       Dagger            |    88 |   161 |   141 ||   390
       Kick              |       |    42 |    69 ||   111
       Punch             |       |     2 |       ||     2
       Short sword       |       |       |    92 ||    92
Invok: Banish            |     1 |       |       ||     1
       Bend Space        |       |     1 |     3 ||     4
Evoke: Wand              |       |       |     2 ||     2
  Use: Scroll            |     2 |     4 |     2 ||     8
       Potion            |       |     2 |     3 ||     5
Armor: Leather armour    |    18 |       |       ||    18
       Ring mail         |    29 |    62 |    57 ||   148
Dodge: Dodged            |   108 |   108 |   155 ||   371
Block: Other             |     4 |    29 |       ||    33
       Orb               |       |     9 |    67 ||    76

Table legend: (Time is in decaauts)
 A = Elapsed time spent in this place.
 B = Non-inter-level travel time spent in this place.
 C = Inter-level travel time spent in this place.
 D = Time resting spent in this place.
 E = Time spent auto-exploring this place.
 F = Levels seen in this place.
 G = Mean time per level.
                   A        B        C        D        E       F      G
               +--------+--------+--------+--------+--------+-----+--------+
         Total |   6685 |   6597 |     88 |   2341 |   1170 |   8 |  835.6 |
       Dungeon |   6646 |   6558 |     88 |   2341 |   1135 |   7 |  949.4 |
         Abyss |     39 |     39 |      0 |      0 |     35 |   1 |   39.0 |
               +--------+--------+--------+--------+--------+-----+--------+

Top non-repeatable levels by time:
     D:5: 1502 daAuts
     D:3: 1377 daAuts
     D:6: 1075 daAuts
     D:4: 1065 daAuts
     D:1: 914 daAuts
     D:2: 656 daAuts
     D:7: 55 daAuts
 Abyss:1: 39 daAuts
